 Dungeon Crawl Stone Soup version 0.31.0-12-g77e489cdc1 (webtiles) character file.

Game seed: 8018446862947584794

175 sking99 the Changeling (level 5, -24/38 HPs)
             Began as a Merfolk Shapeshifter on Feb 21, 2024.
             Annihilated by an ogre
             ... wielding a +0 giant club
              (27 damage)
             ... on level 4 of the Dungeon.
             The game lasted 00:04:19 (1882 turns).

sking99 the Changeling (Merfolk Shapeshifter)       Turns: 1882, Time: 00:04:20

Health: -24/38     AC:  5    Str: 17    XL:     5   Next: 55%
Magic:  0/5        EV: 12    Int:  9    God:
Gold:   164        SH:  0    Dex: 13    Spells: 4/4 levels left

rFire   . .          .
                       - Unarmed
rCold   + . .        (no shield)
rNeg    . . .        m - +1 leather armour {rC+}
rPois   .            (no helmet)
rElec   .            (no cloak)
rCorr   .            s - +0 pair of gloves
SInv    .            (no boots)
Will    .....        p - amulet of guardian spirit
Stlth   +            (no ring)
HPRegen 0.26/turn    (no ring)
MPRegen 0.09/turn

%: guardian spirit
@: no status effects
A: (nimble swimmer 2), mertail
a: no special abilities


You were on level 4 of the Dungeon.
You visited 1 branch of the dungeon, and saw 4 of its levels.

You collected 164 gold pieces.

Inventory:

Armour
 a - a +0 animal skin
 m - a +1 leather armour of cold resistance (worn)
 n - a +0 buckler
 s - a +0 pair of gloves (worn)
Jewellery
 o - a ring of protection from cold
 p - an amulet of guardian spirit (around neck)
Talismans
 c - a beast talisman
 d - a flux talisman
Scrolls
 e - 5 scrolls of identify {unknown}
 i - 2 scrolls of teleportation {unknown}
 k - 3 scrolls of fear {unknown}
 q - a scroll of poison {unknown}
 r - 2 scrolls of torment {unknown}
Potions
 b - a potion of lignification
 f - a potion of resistance {unknown}
 g - 2 potions of degeneration {unknown}
 h - a potion of mutation {unknown}
 j - a potion of invisibility {unknown}
 l - a potion of enlightenment {unknown}


   Skills:
 + Level 2.3 Fighting
 + Level 3.8 Dodging
 * Level 4.8 Unarmed Combat
 * Level 5.4 Shapeshifting


You had 4 spell levels left.
You didn't know any spells.
Your spell library contained the following spells:

 Spells                   Type           Power      Damage    Failure   Level
 Call Imp                 Summ           0%         N/A       58%         2
 Sublimation of Blood     Necr           0%         N/A       58%         2
 Olgreb's Toxic Radiance  Alch           0%         N/A       99%         4
 Ozocubu's Refrigeration  Ice            0%         4d7       100%        7
 Summon Hydra             Summ           0%         N/A       100%        7
 Discord                  Hex            0%         N/A       100%        8


Dungeon Overview and Level Annotations

Branches:
Dungeon (3/15)

Altars:
Cheibriados


Innate Abilities, Weirdness & Mutations

((You are very nimble when in or above water. (Stealth+, EV+, Speed+++)))
Your lower body shifts to a powerful aquatic tail in water.


Message History

You barely miss the hound. You punch the hound, but do no damage.
The hound is almost dead.
The hound closely misses you.
You closely miss the hound.
The hound is almost dead.
The hound bites you but does no damage. x2
You barely miss the hound.
The hound is almost dead.
The hound bites you.
* * * LOW HITPOINT WARNING * * *
You barely miss the hound.
The hound is almost dead.
The hound barely misses you.
You closely miss the hound.
The hound is almost dead.
The hound bites you.
* * * LOW HITPOINT WARNING * * *
The hound bites you but does no damage.
You closely miss the hound.
The hound is almost dead.
The hound bites you but does no damage.
You hit the hound but do no damage.
The hound is almost dead.
The hound misses you.
You hit the hound.
You kill the hound!
You hit the ogre.
The ogre is lightly wounded.
The ogre misses you.
You hit the ogre.
The ogre is moderately wounded.
The ogre hits you with a +0 giant club!
* * * LOW HITPOINT WARNING * * *
You punch the ogre!
The ogre is heavily wounded.
You hit the ogre.
The ogre is severely wounded.
The ogre hits you with a +0 giant club!!
Ouch! That really hurt!
You die...

.)#........
.#.......#
...g....###
.......#.. .O.$.
#.# h.. #.# # #.#
#@# #.##.## #O##
#.#...###g.#####.
#..#.#.##........#
#..........#######
##.#.#.##.##
##...###.#
##).....# ########


You could see an ogre and a goblin.

Vanquished Creatures
  2 hounds (D:4)
  Robin (D:3)
  An adder (D:2)
  4 gnolls
  A ribbon worm (D:3)
  A dart slug (D:1)
  4 ball pythons
  2 endoplasms
  2 giant cockroaches (D:1)
  11 goblins
  10 hobgoblins
  A quokka (D:1)
  3 bats (D:1)
  3 frilled lizards
  3 kobolds
  2 rats
51 creatures vanquished.

Notes
Turn   | Place    | Note
-------+----------+-------------------------------------------
     0 | D:1      | sking99 the Merfolk Shapeshifter began the quest for the
                  | Orb.
     0 | D:1      | Reached XP level 1. HP: 15/15 MP: 1/1
   140 | D:1      | Reached XP level 2. HP: 20/21 MP: 2/2
   535 | D:1      | Reached XP level 3. HP: 26/26 MP: 3/3
   732 | D:2      | Found a faded altar of an unknown god.
  1095 | D:2      | Found a snail-covered altar of Cheibriados.
  1312 | D:2      | Reached XP level 4. HP: 8/33 MP: 4/4
  1606 | D:3      | Reached skill level 5 in Shapeshifting
  1610 | D:3      | Noticed Robin
  1620 | D:3      | Killed Robin
  1816 | D:3      | Noticed a scorpion
  1820 | D:3      | You fall into a shaft and drop 1 floor!
  1841 | D:4      | Noticed an ogre
  1857 | D:4      | Reached XP level 5. HP: 30/38 MP: 5/5
  1882 | D:4      | Annihilated by an ogre

Illustrated notes

Levels and vault maps discovered:
D:1:      amcnicky_arrival_gap_in_the_tavern_cellar, layout_basic
D:2:      layout_basic, basic_altar, shapermc_ecumenical_altar_venn
D:3:      layout_basic, gammafunk_ghost_arena, serial_shops, shop, uniq_terence,
          uniq_robin, uniq_crazy_yiuf_cottage
D:4:      layout_loops_ring, trog_butcher_becter, supply_closet_lemuel

Skill      XL: |  1  2  3  4 |
---------------+-------------+-----
Dodging        | 3 |  3.8
Unarmed Combat | 4 |  4.8
Shapeshifting  | 5 |  5.4
Fighting       | 2 |  2.3

Action                     |  1- 3 |  4- 6 || total
---------------------------+-------+-------++-------
  Melee: Unarmed           |    73 |    78 ||   151
         Punch             |     2 |     1 ||     3
Ability: Begin Untransform |       |     1 ||     1
   Stab: Sleeping          |     3 |       ||     3
 Armour: Animal skin       |    16 |       ||    16
         Leather armour    |    12 |    55 ||    67
  Dodge: Dodged            |    39 |    48 ||    87
   Form: Beast             |     1 |       ||     1
